 Dungeon Crawl Stone Soup version 0.21-a0-404-g291f19a (webtiles) character file.

3 namelastname112 the Magician (level 1, 0/9 HPs)
             Began as a Felid Wanderer on Oct 31, 2017.
             Slain by a giant cockroach (2 damage)
             ... on level 1 of the Dungeon.
             The game lasted 00:00:32 (95 turns).

namelastname112 the Magician (Felid Wanderer)         Turns: 95, Time: 00:00:33

Health: 0/9        AC:  1    Str: 11    XL:     1   Next: 41%
Magic:  5/5        EV: 15    Int: 11    God:
Gold:   7          SH:  0    Dex: 14    Spells: 6/6 levels left
                                        Lives:  0   Deaths: 0

rFire    . . .     SeeInvis +     - Unarmed
rCold    . . .     Gourm    .   (shield unavailable)
rNeg     . . .     Faith    .   (armour unavailable)
rPois    .         Spirit   .   (helmet unavailable)
rElec    .         Reflect  .   (cloak unavailable)
rCorr    .         Harm     .   (gloves unavailable)
MR       .....                  (boots unavailable)
Stlth    ++........             (no amulet)
HPRegen  0.03/turn              (no ring)
MPRegen  0.09/turn              (no ring)

@: quick
A: no armour, no weapons or thrown items, stealth, claws 1, fangs 3, see
invisible, carnivore 3, speed 1, shaggy fur 1, slow metabolism 1, sharp paws
a: no special abilities


You were on level 1 of the Dungeon.
You were full.

You visited 1 branch of the dungeon, and saw 1 of its levels.

You collected 7 gold pieces.

Inventory:

Wands
 b - a wand of random effects (15/48)
Potions
 a - 2 potions of haste
Comestibles
 c - a meat ration


   Skills:
 + Level 2.0 Fighting
 + Level 0.4 Dodging
 + Level 1.6 Stealth
 + Level 1.1 Unarmed Combat
 - Level 3.0 Spellcasting
   Level 1.0 Conjurations
   Level 1.2 Charms
 - Level 1.1 Evocations


You had 6 spell levels left.
You didn't know any spells.

Dungeon Overview and Level Annotations

Branches:
Dungeon (1/15)

Altars:


Innate Abilities, Weirdness & Mutations

You cannot wear armour.
You are incapable of wielding weapons or throwing items.
Your paws allow you to move quietly. (Stealth)
You have sharp claws.
You have razor-sharp teeth.
You have supernaturally acute eyesight. (SInv)
You are carnivorous and can eat meat at any time.
You cover ground quickly.
You are covered in fur. (AC +1)
You have a slow metabolism.
Your sharp claws are effective at attacking unaware monsters.


Message History

You kill the hobgoblin!
You barely miss the giant cockroach. The giant cockroach closely misses you.
The giant cockroach bites you.
You take 1 damage, and have 5/9 hp.
You scratch the giant cockroach but do no damage.
The giant cockroach bites you. The hobgoblin barely misses you.
The giant cockroach bites you.
* * * LOW HITPOINT WARNING * * *
You take 3 damage, and have 2/9 hp.
MASSIVE DAMAGE!!
You are too injured to fight recklessly!
You are too injured to fight recklessly!
The giant cockroach misses you. The giant cockroach bites you.
* * * LOW HITPOINT WARNING * * *
You take 1 damage, and have 1/9 hp.
The giant cockroach barely misses you.
There is a stone staircase leading down here.
The giant cockroach waves its antennae.
As you open the door, it creaks loudly! The giant cockroach bites you.
You die...

≈####..#.# ## #..#.#
.# #..#.# .## #..#.#
..###..#.# #
...##..#.# .#
...##..#.# ..#
.......#.#########...#
..###....g....ss@'...+
#####.##.#########...#
..s.>........# ##...##
############.##
#.....#
#..###.....##.#
#.g........$..#
#.............#
#.......†.....#
#..........#...


You could see 2 giant cockroaches and a hobgoblin.

Vanquished Creatures
  2 hobgoblins (D:1)
  A rat (D:1)
3 creatures vanquished.

Notes
Turn   | Place    | Note
-------+----------+-------------------------------------------
     0 | D:1      | namelastname112 the Felid Wanderer began the quest for the Orb.
     0 | D:1      | namelastname112 set off with: 2 potions of haste, a wand of random effects (15/48), a meat ration
     0 | D:1      | Reached XP level 1. HP: 9/9 MP: 5/5
    95 | D:1      | Slain by a giant cockroach

Vault maps used:
D:1:      eino_arrival_cavern_b, amethyst_killhole, glass_columns_a

Action                   || total
-------------------------++-------
Melee: Unarmed           ||     9
       Bite              ||     2
  Eat: Chunk             ||     2
Dodge: Dodged            ||     7

Table legend:
 A = Spawn XP
 B = Non-spawn XP
 C = Spawn XP percentage of total XP
 D = Spawn monster count
 E = Non-spawn monster count
 F = Spawn count percentage of total count
 G = Total turns spent on level
                    A         B        C        D         E        F      G
               +---------+---------+-------+---------+---------+-------+---------
         Total |       0 |       5 |   0.0 |       0 |       3 |   0.0 |    95
               +---------+---------+-------+---------+---------+-------+---------
           D:1 |       0 |       5 |   0.0 |       0 |       3 |   0.0 |    95
               +---------+---------+-------+---------+---------+-------+---------
